 Dungeon Crawl Stone Soup version 0.24.0-2-g5b39cebb1c (webtiles) character file.

Game seed: 3423290973614593665, levelgen mode: deterministic

250 MTVSty1e the Cleaver (level 5, -2/42 HPs)
             Began as a Minotaur Gladiator on Oct 29, 2019.
             Was an Initiate of Makhleb.
             Shot with an arrow by a centaur (6 damage)
             ... on level 4 of the Dungeon.
             The game lasted 00:02:52 (3588 turns).

MTVSty1e the Cleaver (Minotaur Gladiator)           Turns: 3588, Time: 00:02:52

Health: -2/42      AC:  5    Str: 19    XL:     5   Next: 88%
Magic:  4/4        EV: 12    Int:  5    God:    Makhleb [......]
Gold:   107        SH:  0    Dex: 12    Spells: 4/4 levels left

rFire    . . .     SeeInvis .   l - +1 broad axe
rCold    . . .     Gourm    .   (no shield)
rNeg     . . .     Faith    .   k - +0 ring mail (curse)
rPois    .         Spirit   .   c - +0 hat
rElec    .         Reflect  .   (no cloak)
rCorr    .         Harm     .   (no gloves)
MR       .....                  (no boots)
Stlth    +.........             (no amulet)
HPRegen  0.14/turn              (no ring)
MPRegen  0.09/turn              (no ring)

@: no status effects
A: retaliatory headbutt, horns 2
a: Renounce Religion


You were on level 4 of the Dungeon.
You worshipped Makhleb.
Makhleb was noncommittal.
You were hungry.

You visited 2 branches of the dungeon, and saw 5 of its levels.

You collected 107 gold pieces.

Inventory:

Hand Weapons
 a - a +0 war axe
 l - a +1 broad axe (weapon)
Missiles
 d - 4 throwing nets (quivered)
Armour
 c - a +0 hat (worn)
 k - a cursed +0 ring mail (worn)
 p - the +2 robe "Faoha" {*Contam rElec rN+ Str+2, unknown}
   (You found it on level 4 of the Dungeon)

   It affects your strength (+2).
   It insulates you from electricity.
   It protects you from negative energy.
   It causes magical contamination when unequipped.
Potions
 b - a potion of flight {unknown}
 e - a potion of curing
 g - 2 potions of heal wounds {unknown}
 h - 2 potions of might {unknown}
 n - 2 potions of experience {unknown}
 o - 2 potions of mutation {unknown}
Comestibles
 f - 2 rations


   Skills:
 - Level 2.4 Fighting
 * Level 8.0 Axes
 - Level 2.0 Throwing
 - Level 3.2 Dodging


You had 4 spell levels left.
You didn't know any spells.
Your spell library was empty.

Dungeon Overview and Level Annotations

Branches:
Dungeon (4/15)             Temple (1/1) D:4

Altars:
Dithmenos
Hepliaklqana
Makhleb
Ru
Trog
Vehumet
Wu Jian
Xom
Zin
The Shining One


Innate Abilities, Weirdness & Mutations

You reflexively headbutt those who attack you in melee.
You have a pair of horns on your head.


Message History

You see here an arrow.
The centaur shoots an arrow.
The arrow hits you.
The phantom blinks!
The centaur shoots an arrow.
The arrow hits you.
You see here 2 arrows.
The centaur shoots an arrow.
The arrow closely misses you.
The centaur shoots an arrow.
The arrow hits you.
The centaur shoots an arrow.
The arrow hits you!
* * * LOW HITPOINT WARNING * * *
You see here an arrow.
The centaur shoots an arrow.
The arrow hits you!
* * * LOW HITPOINT WARNING * * *
You see here an arrow.
It was a potion of curing.
You feel better.
The centaur shoots an arrow.
The arrow hits you.
* * * LOW HITPOINT WARNING * * *
The centaur shoots an arrow.
The arrow hits you.
* * * LOW HITPOINT WARNING * * *
You see here an arrow.
The centaur shoots an arrow.
The arrow hits you.
You die...

### ### #.# ###
#.#####.## #.#
##.##....###.# ### ###
## ##...........###.#
#.####.
##...#.........>.##
##.##.#
###....##......##..##
##..##
#......###...@####..##
##..## #........#..(.##
##..####....#
#..####.....(..##
#....##.##.. #..#
##........###......#####
####..#
##..(.#...#####...# #
#.....## ##..รท##...##
#...# .......#*
##(..##...###...##
........#*
##.(.##c........##
.........#*
##...##.....##..##


You could see a centaur.

Vanquished Creatures
  A scorpion (D:4)
  An orc priest (D:4)
  Natasha (thrice) (D:4)
  A worker ant (D:4)
  3 adders (D:2)
  4 dart slugs
  A giant cockroach (D:3)
  7 goblins
  3 hobgoblins
  A quokka (D:2)
  A ball python (D:2)
  7 bats
  6 frilled lizards
  3 kobolds
  8 rats
50 creatures vanquished.

Notes
Turn   | Place    | Note
-------+----------+-------------------------------------------
     0 | D:1      | MTVSty1e the Minotaur Gladiator began the quest for the
                  | Orb.
     0 | D:1      | Reached XP level 1. HP: 18/18 MP: 0/0
    44 | D:1      | Reached skill level 4 in Axes
   142 | D:1      | Reached XP level 2. HP: 25/25 MP: 1/1
   839 | D:2      | Reached skill level 5 in Axes
  1002 | D:2      | Reached XP level 3. HP: 25/30 MP: 2/2
  2053 | D:3      | Reached XP level 4. HP: 36/37 MP: 3/3
  2100 | D:3      | Reached skill level 6 in Axes
  2607 | D:4      | Found a staircase to the Ecumenical Temple.
  2616 | Temple   | Entered the Ecumenical Temple
  2655 | Temple   | Became a worshipper of Makhleb the Destroyer
  2808 | D:4      | Reached skill level 7 in Axes
  2808 | D:4      | Reached XP level 5. HP: 20/42 MP: 4/4
  3027 | D:4      | Got a fabulously ornate robe
  3077 | D:4      | Noticed Natasha
  3083 | D:4      | Killed Natasha
  3327 | D:4      | Noticed Natasha
  3337 | D:4      | Killed Natasha
  3363 | D:4      | Noticed Natasha
  3375 | D:4      | Killed Natasha
  3375 | D:4      | Reached skill level 8 in Axes
  3570 | D:4      | Noticed a centaur
  3570 | D:4      | Noticed a phantom
  3583 | D:4      | HP: 2/42 [centaur/arrow (9)]
  3588 | D:4      | Shot with an arrow by a centaur

Levels and vault maps discovered:
D:1:      mainiacjoe_arrival_reflecting_pool, layout_loops_cross
D:2:      layout_basic, first_ration, kennysheep_generic_room_8
D:3:      layout_loops_cross, serial_rivers, chequers_serial_rivers_small_3,
          chequers_serial_rivers_micro_b, chequers_serial_rivers_marsh,
          chequers_serial_rivers_micro_d, chequers_serial_rivers_large_a,
          chequers_serial_rivers_large_b
D:4:      layout_layer_cave, minmay_temple_entry_proselytizer,
          nicolae_ru_the_path_less_chosen, uniq_edmund, uniq_natasha
Temple:   nicolae_temple_the_god_donut

Skill      XL: |  1  2  3  4  5 |
---------------+----------------+-----
Axes           | 4 5 7 8 |  8.0
Fighting       | |  2.4
Throwing       | |  2.0
Dodging        | |  3.2

Action                   |  1- 3 |  4- 6 || total
-------------------------+-------+-------++-------
Melee: War axe           |    39 |       ||    39
       Headbutt          |     5 |    10 ||    15
       Broad axe         |    24 |    40 ||    64
  Use: Scroll            |       |     4 ||     4
       Potion            |       |     1 ||     1
 Stab: Sleeping          |     1 |       ||     1
  Eat: Ration            |     1 |     1 ||     2
       Chunk             |       |     1 ||     1
Armor: Leather armour    |    11 |       ||    11
       Ring mail         |    10 |    10 ||    20
Dodge: Dodged            |    42 |    27 ||    69
